 Dungeon Crawl Stone Soup version 0.31-a0-188-g5e087ee2ca (webtiles) character file.

Game seed: 1456277470920568251

159 qw the Skirmisher (level 5, -7/29 HPs)
             Began as a Deep Elf Hunter on June 23, 2023.
             Mangled by a water moccasin (13 damage)
             ... on level 4 of the Dungeon.
             The game lasted 00:01:02 (2673 turns).

qw the Skirmisher (Deep Elf Hunter)                 Turns: 2673, Time: 00:01:03

Health: -7/29      AC:  6    Str: 16    XL:     5   Next: 17%
Magic:  7/7        EV: 11    Int: 14    God:
Gold:   82         SH:  0    Dex: 18    Spells: 4/4 levels left

rFire   . . .        Y - +1 shortbow (chaos)
rCold   . . .        (shield currently unavailable)
rNeg    . . .        c - +0 ring mail
rPois   +            a - +0 helmet
rElec   .            (no cloak)
rCorr   .            (no gloves)
SInv    .            (no boots)
Will    .....        (no amulet)
Stlth   +            g - +6 ring of strength
HPRegen 0.24/turn    m - ring of poison resistance
MPRegen 0.10/turn

%: no passive effects
@: about to teleport
A: no striking features
a: no special abilities


You were on level 4 of the Dungeon.
You visited 1 branch of the dungeon, and saw 4 of its levels.

You collected 160 gold pieces.
You spent 78 gold pieces at shops.


   Skills:
 - Level 1.5 Fighting
 + Level 8.6 Ranged Weapons
 - Level 2.4 Dodging
 - Level 1.2 Stealth


You had 4 spell levels left.
You didn't know any spells.
Your spell library was empty.

Inventory:

Hand Weapons
 Y - a +1 shortbow of chaos (weapon)
Armour
 a - a +0 helmet (worn)
 c - a +0 ring mail (worn)
Jewellery
 g - a +6 ring of strength (left hand)
 m - a ring of poison resistance (right hand)
Scrolls
 j - a scroll of identify
Potions
 b - a potion of heal wounds {unknown}
 d - a potion of mutation {unknown}
 e - a potion of berserk rage {unknown}
 f - a potion of lignification {unknown}
 h - a potion of cancellation {unknown}
 i - 4 potions of curing
 l - a potion of degeneration {unknown}
 o - a potion of resistance {unknown}

Dungeon Overview and Level Annotations

Branches:
Dungeon (4/15)
 Temple: D:4-7

Altars:
Kikubaaqudgha

Shops:
D:3 !


Message History

You see here a scroll of immolation.
You feel a little less clever now.
A hobgoblin comes into view.
You shoot an arrow. The hobgoblin shouts!
The arrow hits the hobgoblin.
The arrow burns the hobgoblin.
You kill the hobgoblin!
You see here a hobgoblin corpse.
Found a ring mail.
Found a stone staircase leading down.
You see here a +0 ring mail.
Found a ring mail.
A water moccasin comes into view.
Found a leather armour and a scroll of identify.
You shoot an arrow. The arrow hits the water moccasin.
The water moccasin is moderately wounded.
You shoot an arrow. The arrow hits the water moccasin.
The water moccasin is moderately wounded.
The water moccasin closely misses you.
You shoot an arrow. The arrow misses the water moccasin.
The water moccasin closely misses you.
You shoot an arrow. The arrow hits the water moccasin!
The water moccasin is severely wounded.
The water moccasin bites you. The water moccasin closely misses you.
You shoot an arrow.
The arrow closely misses the water moccasin.
The water moccasin bites you but does no damage.
You shoot an arrow. The arrow hits the water moccasin.
The water moccasin seems to grow stronger.
The water moccasin is severely wounded.
The water moccasin closely misses you. The water moccasin bites you.
You shoot an arrow. The arrow hits the water moccasin!
The water moccasin is almost dead.
The water moccasin bites you!
2673 ||| READING scroll of teleportation.
As you read the scroll of teleportation, it crumbles to dust.
You feel strangely unstable.
The water moccasin bites you but does no damage.
The water moccasin bites you!
You die...

#.# #.# #.# #.#
.############ #.#
#...........# #.#
........###.#######.#
#.#####.# #.........#
#.@...# ###########
#...S###[# .......
#.# [##.... #.#
....#.....#
...?.......# .###
###.#.# #.#.# ##.#.#
###########


You could see a water moccasin (strong).

Vanquished Creatures
  Natasha (twice) (D:2)
  4 adders
  2 worms
  2 orcs (D:3)
  7 endoplasms
  A giant cockroach (D:3)
  8 goblins
  A hobgoblin (D:4)
  7 jackals
  4 quokkas
  2 ball pythons
  8 bats
  7 frilled lizards
  6 kobolds
  8 rats
69 creatures vanquished.

Notes
Turn   | Place    | Note
-------+----------+-------------------------------------------
     0 | D:1      | qw the Deep Elf Hunter began the quest for the Orb.
     0 | D:1      | Reached XP level 1. HP: 12/12 MP: 3/3
     0 | D:1      | 0 ||| qw: Version: 0.3-a-9-g12657ce
     0 | D:1      | 0 ||| qw: Game counter: 3752
     0 | D:1      | 0 ||| qw: Always use a shield: true
     0 | D:1      | 0 ||| qw: God list: Okawaru
     0 | D:1      | 0 ||| qw: Allow faded altars: false
     0 | D:1      | 0 ||| qw: Do Orc after D:15 true
     0 | D:1      | 0 ||| qw: Do second Lair branch before Depths: true
     0 | D:1      | 0 ||| qw: Lair rune preference: random
     0 | D:1      | 0 ||| qw: Plans: Normal
     0 | D:1      | 0 ||| PLANNING D:1-11
   172 | D:1      | Reached XP level 2. HP: 16/16 MP: 4/4
   204 | D:1      | Reached skill level 6 in Ranged Weapons
   553 | D:1      | Reached XP level 3. HP: 20/20 MP: 5/5
   839 | D:1      | 839 ||| UPGRADING to +0 scale mail.
   849 | D:1      | 849 ||| DROPPING +0 leather armour.
   850 | D:1      | 850 ||| UPGRADING to +6 ring of strength.
   851 | D:1      | 851 ||| READING scroll labelled BIWEME RESUALU.
   852 | D:1      | 852 ||| READING 2 scrolls labelled WAFEFOIPAFU.
   853 | D:1      | 853 ||| READING scroll labelled BOETUL YQAEMEL.
   854 | D:1      | 854 ||| READING scroll labelled WOPRAOXZISM.
   855 | D:1      | 855 ||| DROPPING scroll of butterflies.
   856 | D:1      | 856 ||| DROPPING scroll of summoning.
   921 | D:2      | 921 ||| READING scroll of brand weapon.
   921 | D:2      | 921 ||| BRANDING +0 shortbow of flaming.
  1051 | D:2      | Noticed Natasha
  1052 | D:2      | Natasha changed into Natasha the goblin
  1052 | D:2      | Noticed Natasha
  1056 | D:2      | Killed Natasha the goblin
  1104 | D:2      | Reached skill level 7 in Ranged Weapons
  1104 | D:2      | Noticed Natasha
  1105 | D:2      | 1105 ||| Stepping ~*~*~tactically~*~*~ (outnumbered).
  1106 | D:2      | 1106 ||| Stepping ~*~*~tactically~*~*~ (outnumbered).
  1114 | D:2      | HP: 2/20 [Natasha (6)]
  1115 | D:2      | Killed Natasha
  1116 | D:2      | Reached XP level 4. HP: 3/25 MP: 6/6
  1669 | D:2      | Noticed Natasha
  1673 | D:2      | Killed Natasha
  1674 | D:2      | Reached skill level 8 in Ranged Weapons
  1848 | D:2      | 1848 ||| UPGRADING to +0 helmet.
  1853 | D:2      | 1853 ||| UPGRADING to +0 ring mail.
  1863 | D:2      | 1863 ||| DROPPING +0 scale mail.
  1864 | D:2      | 1864 ||| READING scroll labelled BOEFEE HAIRGH.
  1865 | D:2      | 1865 ||| READING scroll labelled BENTA VAA.
  1869 | D:2      | 1869 ||| READING scroll labelled OZA GEFEYRPH.
  1976 | D:3      | Found Otussix's Distillery.
  1984 | D:3      | 1984 ||| BUYING potion of curing (39 gold).
  1984 | D:3      | Bought a potion of curing for 39 gold pieces
  1984 | D:3      | 1984 ||| BUYING potion of curing (39 gold).
  1984 | D:3      | Bought a potion of curing for 39 gold pieces
  1984 | D:3      | 1984 ||| SHOPLISTING potion of heal wounds (65 gold, have
                  | 52).
  1984 | D:3      | 1984 ||| SHOPLISTING potion of resistance (130 gold, have
                  | 52).
  2059 | D:3      | Reached XP level 5. HP: 29/29 MP: 7/7
  2090 | D:3      | Found a faded altar of an unknown god.
  2392 | D:3      | Found an ancient bone altar of Kikubaaqudgha.
  2541 | D:3      | 2541 ||| UPGRADING to ring of poison resistance.
  2542 | D:3      | 2542 ||| READING scroll labelled IKENGU YNUPTA.
  2543 | D:3      | 2543 ||| READING scroll labelled DAMMIA ZYAHO.
  2544 | D:3      | 2544 ||| READING scroll labelled YBUIVY FEBAARI.
  2545 | D:3      | 2545 ||| DRINKING 2 fuming clear potions.
  2546 | D:3      | 2546 ||| DROPPING potion of brilliance.
  2665 | D:4      | Noticed a water moccasin
  2672 | D:4      | HP: 6/29 [water moccasin (13)]
  2673 | D:4      | 2673 ||| READING scroll of teleportation.
  2673 | D:4      | Mangled by a water moccasin

Levels and vault maps discovered:
D:1:      wander_arrival_chamber, layout_basic
D:2:      layout_basic, serial_corexii_hall, chequers_hall_statues_wall_a,
          corexii_hall_statues_t, corexii_hall_statues_x,
          chequers_hall_statues_y, chequers_hall_statues_corner_a,
          chequers_hall_statues_wall_a, uniq_natasha
D:3:      layout_basic, nicolae_kikubaaqudgha_miasma_corner,
          shapermc_ecumenical_altar_rom_forum, serial_glass, glass_columns_c,
          glass_columns_b, item_on_display_a, item_on_display_a,
          due_unseen_surprise, feat_on_display, serial_shops, shop,
          serial_bayou_lagoon_a, minmay_cut_off
D:4:      layout_loops_ring, mainiacjoe_overflow_boulevard, minmay_misc_feat_x,
          uniq_eustachio

Skill      XL: |  1  2  3  4 |
---------------+-------------+-----
Ranged Weapons | 6 7 8 |  8.6
Fighting       | |  1.5
Dodging        | |  2.4
Stealth        | |  1.2

Action                     |  1- 3 |  4- 6 || total
---------------------------+-------+-------++-------
   Fire: Shortbow          |    98 |   106 ||   204
    Use: Scroll            |     5 |     7 ||    12
         Potion            |       |     1 ||     1
 Armour: Leather armour    |     2 |       ||     2
         Scale mail        |    12 |     6 ||    18
         Ring mail         |       |    14 ||    14
  Dodge: Dodged            |    27 |    20 ||    47

Table legend:
 A = Non-vault XP
 B = Vault XP
 C = Vault XP percentage of total XP
 D = Non-vault monster count
 E = Vault monster count
 F = Vault count percentage of total count
                 A         B        C        D         E       F
            +---------+---------+-------+---------+---------+-------
      Total |     220 |       8 |   3.5 |      65 |       4 |   5.8
            +---------+---------+-------+---------+---------+-------
        D:1 |      41 |       0 |   0.0 |      26 |       0 |   0.0
        D:2 |     124 |       2 |   1.6 |      21 |       1 |   4.5
        D:3 |      53 |       6 |  10.2 |      17 |       3 |  15.0
        D:4 |       2 |       0 |   0.0 |       1 |       0 |   0.0
            +---------+---------+-------+---------+---------+-------
